 Dungeon Crawl Stone Soup version 0.32-a0-961-gd60f5e5fc7 (webtiles) character file.

Game seed: 15959352675599373132

9766 LadyBoffin the Thaumaturge (level 11, -19/53 (61) HPs)
             Began as a Deep Elf Ice Elementalist on Apr 15, 2024.
             Was a Believer of Nemelex Xobeh.
             Killed from afar by Nergalle (39 damage)
             ... with a bolt of negative energy
             ... on level 10 of the Dungeon on Apr 17, 2024.
             The game lasted 01:38:01 (9885 turns).

LadyBoffin the Thaumaturge (DEIE)                   Turns: 9885, Time: 01:38:01

HP:   -19/53 (61)   AC:  5    Str:  5    XL:     11   Next: 27%
MP:   5/27          EV: 22    Int: 25    God:    Nemelex Xobeh [**....]
Gold: 531           SH:  0    Dex: 17    Spells: 17/31 levels left

rFire   . . .        g - +7 Throatcutter {drain, coup de grace}
rCold   . . .        (no shield)
rNeg    . . .        C - +0 steam dragon scales
rPois   +            (no helmet)
rElec   .            (no cloak)
rCorr   .            (no gloves)
SInv    .            (no boots)
Will    +++..        p - amulet of regeneration
Stlth   +++          u - +5 ring of evasion
HPRegen 1.08/turn    q - ring of Epihet {^Drain Fly rPois Will++ Dex+2}
MPRegen 0.20/turn

%: no passive effects
@: flying, heavily drained
A: no striking features
a: Renounce Religion, Draw Escape, Draw Destruction, Draw Summoning


You were on level 10 of the Dungeon.
You worshipped Nemelex Xobeh.
Nemelex Xobeh was pleased with you.
You visited 2 branches of the dungeon, and saw 11 of its levels.

You collected 567 gold pieces.
You spent 36 gold pieces at shops.

Inventory:

Hand Weapons
 g - the +7 Throatcutter (weapon) {drain, coup de grace}
   (You found it on level 7 of the Dungeon)
 i - a +1 sling
 o - a +6 dire flail of draining
 x - the +3 short sword "Askump" {freeze, Will+}
   (You found it on level 7 of the Dungeon)

   Will+:     It increases your willpower.
Missiles
 n - 3 throwing nets
Armour
 w - a +2 leather armour of fire resistance
 C - +0 steam dragon scales (worn)
 G - a scarf of shadows
Jewellery
 a - a ring of flight
 e - a ring of wizardry
 p - an amulet of regeneration (around neck)
 q - the ring of Epihet (right hand) {^Drain Fly rPois Will++ Dex+2}
   (You found it on level 3 of the Dungeon)

   [ring of poison resistance]

   Dex+2:     It affects your dexterity (+2).
   rPois:     It protects you from poison.
   Will++:    It greatly increases your willpower.
   Fly:       It grants you flight.
   ^Drain:    It drains your maximum health when unequipped.
 s - a ring of see invisible
 u - a +5 ring of evasion (left hand)
 E - the ring "Buveodiu" {Fly rPois Will- Str-3 Dex+5}
   (You found it on level 10 of the Dungeon)

   [ring of flight]

   Str-3:     It affects your strength (-3).
   Dex+5:     It affects your dexterity (+5).
   rPois:     It protects you from poison.
   Will-:     It decreases your willpower.
   Fly:       It grants you flight.
Wands
 j - a wand of paralysis (9)
 t - a wand of mindburst (7)
 B - a wand of flame (19)
Scrolls
 c - 2 scrolls of amnesia
 d - 3 scrolls of brand weapon
 k - 2 scrolls of noise
 l - 4 scrolls of immolation
 m - a scroll of vulnerability
 v - 5 scrolls of identify
 y - a scroll of poison {unknown}
 D - 2 scrolls of blinking {unknown}
 F - a scroll of enchant weapon
Potions
 b - a potion of magic
 f - a potion of ambrosia
 h - 2 potions of curing
 r - a potion of lignification
 z - a potion of enlightenment
 A - 2 potions of might


   Skills:
 - Level 4.0 Fighting
 + Level 3.5 Long Blades
 + Level 9.9 Dodging
 - Level 6.5 Stealth
 + Level 10.9 Spellcasting
 - Level 6.0 Conjurations
 - Level 1.7 Summonings
 - Level 3.0 Fire Magic
 + Level 9.9 Ice Magic
 * Level 3.9 Earth Magic


You had 17 spell levels left.
You knew the following spells:

 Your Spells              Type           Power      Damage    Failure   Level
a - Freeze                Ice            100%       1d10      1%          1
b - Ozocubu's Armour      Ice            58%        N/A       1%          3
c - Summon Ice Beast      Ice/Summ       42%        N/A       1%          3
d - Hailstorm             Conj/Ice       52%        3d10      1%          3
e - Flame Wave            Conj/Fire      36%        2d10      7%          4

Your spell library contained the following spells:

 Spells                   Type           Power      Damage    Failure   Level
 Shock                    Conj/Air       100%       1d9       1%          1
 Frozen Ramparts          Ice            100%       1d16      1%          3
 Inner Flame              Hex/Fire       21%        N/A       7%          3
 Swiftness                Air            13%        N/A       14%         3
 Sticky Flame             Fire/Alch      21%        2d6       24%         4
 Permafrost Eruption      Ice/Erth       24%        2x4d6     38%         6
 Airstrike                Air            6%         2d(1-17)  41%         4
 Sculpt Simulacrum        Ice/Alch       19%        N/A       65%         6


Dungeon Overview and Level Annotations

Branches:
Dungeon (10/15)            Temple (1/1) D:5
   Lair: D:8-11         Orc: D:9-12

Altars:
Ashenzari
Cheibriados
Dithmenos
Elyvilon
Fedhas
Gozag
Hepliaklqana
Kikubaaqudgha
Makhleb
Nemelex Xobeh
Okawaru
Qazlal
Ru
Sif Muna
Trog
Uskayaw
Vehumet
Wu Jian
Xom
Yredelemnul
Zin
The Shining One

Shops:
D:2 *

Annotations:
D:3 Sigmund
D:8 2 transporters, Cobbler's ghost, novice MiBe
D:10 Nergalle


Message History

Confirm with . or Enter, or press ? or * to list all spells.
Casting: Hailstorm (safe; 1% risk of failure)
Press: ? - help, Dir - look around, f - activate A cannonade of hail descends around you!
The hail pelts Nergalle!
Nergalle is moderately wounded.
Nergalle hits your ice beast with a +0 dagger.
Your ice beast hits Nergalle.
Your ice beast freezes Nergalle!!
Casting: Hailstorm (safe; 1% risk of failure)
Confirm with . or Enter, or press ? or * to list all spells.
Casting: Hailstorm (safe; 1% risk of failure)
Press: ? - help, Dir - look around, f - activate A cannonade of hail descends around you!
The hail pelts Nergalle!
Nergalle is severely wounded.
Nergalle gestures at you while chanting.
The bolt of negative energy hits your ice beast!!
Your ice beast is drained!
Your ice beast dies!
Your ice beast disappears in a puff of smoke!
The bolt of negative energy hits you!!!
You feel drained.
Ouch! That really hurt!
* * * LOW HITPOINT WARNING * * *
Casting: Hailstorm (safe; 1% risk of failure)
Confirm with . or Enter, or press ? or * to list all spells.
A chill wind blows around you.
Okay, then.
You barely miss Nergalle.
Nergalle is severely wounded.
Nergalle closely misses you.
You swap places.
Nergalle casts a spell at you.
The bolt of negative energy hits your ice beast!!
Your ice beast is drained!
Your ice beast dies!
Your ice beast disappears in a puff of smoke!
The bolt of negative energy hits you!!!
You feel drained.
Ouch! That really hurt!
You die...
Your body disappears without a glow.

.......<# #..'..#####. ........#
#..#....#... ........#
#..#....#... ####....#
#..######... #..#....##########
#........... #..####..........#
#........... #<....#..........#
#...Z.......
#.....#..........#####...........
#.....#.........@§o.).<...Z......
#.....#.........#)#########......
#.....#.#####...#)).......#......
#.....#.# #...#.........#......
#.....#.# #...#.........#......
#.....#.# #...#####'#####......
......#.# #....................
......#.# #....................
......#.# #.K......#######.....


You could see Nergalle.

Vanquished Creatures
  Harold (D:10)
  A two-headed ogre (D:9)
  5 kobold demonologists (D:10)
  2 hornets
  2 wraiths (D:10)
  10 yaks
  2 steam dragons
  Menkaure (D:5)
  Edmund (D:4)
  2 water moccasins
  2 ice beasts
  An orc warrior (D:7)
  An ogre (D:6)
  A phantom (D:6)
  5 kobold brigands
  Blork the orc (D:4)
  2 bullfrogs
  4 scorpions
  A gnoll sergeant (D:9)
  4 wights (D:8)
  6 killer bees
  2 howler monkeys
  4 hounds
  A bombardier beetle (D:5)
  An orc priest (D:7)
  Terence (D:2)
  4 orc wizards
  7 gnolls
  5 adders
  A shadow imp (D:6)
  5 ufetubi
  A dart slug (D:2)
  3 ribbon worms
  7 orcs
  4 bats
  7 endoplasms
  3 giant cockroaches
  3 goblins
  A hobgoblin (D:1)
  4 quokkas
  9 ball pythons
  5 frilled lizards
  8 kobolds
  A rat (D:2)
142 creatures vanquished.

Vanquished Creatures (collateral kills)
  A wyvern (D:8)
  5 yaks
  A steam dragon (D:8)
  2 black bears (D:6)
  An orc warrior (D:9)
  2 centaurs
  2 scorpions
  4 killer bees
  4 howler monkeys
  A hound (D:6)
  A bombardier beetle (D:6)
  An orc priest (D:7)
  2 gnoll boudas
  A sleepcap (D:8)
  An iguana (D:4)
  2 orc wizards
  12 gnolls
  An ufetubus (D:7)
  13 orcs
  6 kobolds
63 creatures vanquished.

Vanquished Creatures (others)
  4 orcs
4 creatures vanquished.

Grand Total: 209 creatures vanquished

Notes
Turn   | Place    | Note
-------+----------+-------------------------------------------
     0 | D:1      | LadyBoffin the Deep Elf Ice Elementalist began the quest
                  | for the Orb.
     0 | D:1      | Reached XP level 1. HP: 10/10 MP: 6/6
    71 | D:1      | Found a faded altar of an unknown god.
   182 | D:1      | Reached XP level 2. HP: 15/15 MP: 4/8
  1224 | D:2      | Found Ingaib's General Store.
  1232 | D:2      | Bought a scroll of teleportation for 36 gold pieces
  1283 | D:2      | Noticed Terence
  1299 | D:2      | Killed Terence
  1300 | D:2      | Reached XP level 3. HP: 8/19 MP: 6/10
  1351 | D:2      | Upgraded the game from 0.32-a0-938-g40ac7a0f4d to
                  | 0.32-a0-953-g508020473e
  1451 | D:2      | Learned a level 3 spell: Ozocubu's Armour
  1880 | D:3      | Reached skill level 4 in Spellcasting
  1880 | D:3      | Reached XP level 4. HP: 17/24 MP: 7/12
  2081 | D:3      | Noticed Sigmund
  2292 | D:3      | Reached skill level 5 in Ice Magic
  2412 | D:3      | Found a shimmering altar of Xom.
  2491 | D:3      | Identified the ring of Epihet {^Drain Fly rPois Will++
                  | Dex+2}
  2494 | D:3      | Found a shimmering blue altar of Sif Muna.
  2772 | D:4      | Noticed Blork the orc
  2784 | D:4      | Killed Blork the orc
  2785 | D:4      | Reached XP level 5. HP: 20/28 MP: 3/13
  2947 | D:4      | Noticed Edmund
  2958 | D:4      | Killed Edmund
  2959 | D:4      | Reached skill level 1 in Fighting
  2959 | D:4      | Reached skill level 5 in Spellcasting
  2959 | D:4      | Reached XP level 6. HP: 15/34 MP: 6/15
  3145 | D:4      | Learned a level 3 spell: Summon Ice Beast
  3224 | D:4      | You are sucked into a shaft and drop 1 floor!
  3224 | D:5      | Entered Level 5 of the Dungeon
  3347 | D:5      | Reached skill level 1 in Summonings
  3542 | D:5      | Reached XP level 7. HP: 40/40 MP: 15/17
  3618 | D:5      | Reached skill level 5 in Dodging
  3716 | D:5      | Noticed Menkaure
  3876 | D:5      | Learned a level 3 spell: Hailstorm
  4000 | D:5      | Found a staircase to the Ecumenical Temple.
  4009 | Temple   | Entered the Ecumenical Temple
  4122 | Temple   | Became a worshipper of Nemelex Xobeh the Trickster
  4210 | D:6      | Noticed a yak
  4210 | D:6      | Noticed a yak
  4210 | D:6      | Noticed a yak
  4276 | D:5      | Killed Menkaure
  4277 | D:5      | Reached skill level 6 in Spellcasting
  4277 | D:5      | Reached skill level 1 in Conjurations
  4454 | D:6      | Reached XP level 8. HP: 34/45 MP: 14/19
  4788 | D:6      | Reached skill level 7 in Spellcasting
  4890 | D:6      | Found a snail-covered altar of Cheibriados.
  5078 | D:6      | Reached * piety under Nemelex Xobeh
  5078 | D:6      | Received a gift from Nemelex Xobeh
  5183 | D:6      | Reached XP level 9. HP: 36/52 MP: 10/22
  5396 | D:7      | Reached skill level 8 in Spellcasting
  5645 | D:7      | Identified the +3 short sword "Askump" {freeze, Will+}
  5702 | D:7      | Found the +7 Throatcutter {drain, coup de grace}
  6272 | D:8      | Reached skill level 5 in Stealth
  6368 | D:8      | Reached skill level 5 in Conjurations
  6486 | D:8      | Reached skill level 9 in Spellcasting
  6733 | D:8      | Found a transporter.
  6745 | D:8      | Reached XP level 10. HP: 56/56 MP: 20/25
  6745 | D:8      | Upgraded the game from 0.32-a0-953-g508020473e to
                  | 0.32-a0-960-g3814254bd7
  6770 | D:8      | Noticed Cobbler's ghost (novice MiBe)
  6938 | D:8      | Upgraded the game from 0.32-a0-960-g3814254bd7 to
                  | 0.32-a0-961-gd60f5e5fc7
  7003 | D:8      | Reached ** piety under Nemelex Xobeh
  7056 | D:8      | Learned a level 4 spell: Flame Wave
  7353 | D:8      | Found a transporter.
  7675 | D:9      | Reached skill level 1 in Fire Magic
  7683 | D:9      | Reached skill level 1 in Long Blades
  7739 | D:9      | Reached skill level 10 in Spellcasting
  7916 | D:9      | Noticed a two-headed ogre
  7932 | D:9      | Killed a two-headed ogre
  8788 | D:9      | Reached skill level 1 in Earth Magic
  9000 | D:10     | Entered Level 10 of the Dungeon
  9081 | D:10     | Noticed a rust devil
  9134 | D:10     | Reached XP level 11. HP: 61/61 MP: 12/27
  9305 | D:10     | Found a radiant altar of Vehumet.
  9324 | D:10     | Noticed Harold
  9388 | D:10     | Killed Harold
  9504 | D:10     | Noticed a sixfirhy
  9560 | D:10     | Noticed Nergalle
  9659 | D:10     | Found an ancient bone altar of Kikubaaqudgha.
  9688 | D:10     | Identified the ring "Buveodiu" {Fly rPois Will- Str-3
                  | Dex+5}
  9695 | D:10     | Found a shadowy altar of Dithmenos.
  9729 | D:10     | Identified the +5 flail of Pain and Death {drain, Dex+3}
  9733 | D:10     | Found a glowing golden altar of the Shining One.
  9738 | D:10     | Found an ornate altar of the Wu Jian Council.
  9750 | D:10     | Found a stormy altar of Qazlal.
  9754 | D:10     | Found a basalt altar of Yredelemnul.
  9885 | D:10     | Killed from afar by Nergalle

Illustrated notes

Levels and vault maps discovered:
D:1:      spicycebolla_green_bress_n_ham_2, layout_basic, basic_ecumenical_altar
D:2:      minmay_recursive_quarters, layout_basic, serial_shops, shop,
          uniq_terence
D:3:      layout_loops_cross, lemuel_blue_sif_altar,
          mainiacjoe_overflow_alcove_1, grunt_ministairs_15, serial_park_tiny_2,
          uniq_sigmund
D:4:      layout_gridville, minmay_bisected, uniq_blork_the_orc, uniq_ijyb,
          uniq_edmund, uniq_robin
D:5:      layout_gridville, minmay_temple_entry_poolview, uniq_menkaure
D:6:      layout_loops_ring, kennysheep_mini_moat, dreamdust_mushroom_princess
D:7:      layout_loops_ring, uniq_maggie
D:8:      layout_basic, gammafunk_ghost_stat_death, grunt_ministairs_13
D:9:      layout_loops_cross
D:10:     layout_irregular_city, nicolae_overflow_crystal_walls,
          mainiacjoe_overflow_boulevard, nicolae_vehumet_radiance,
          nicolae_overflow_macrodata_refinement, uniq_harold, uniq_nergalle
Temple:   hc_temple_tempest_star

Skill      XL: |  1  2  3  4  5  6  7  8  9 10 11 |
---------------+----------------------------------+-----
Stealth        | 3 5 6 |  6.5
Dodging        | 3 4 5 6 8 9 |  9.9
Spellcasting   | 4 5 6 7 9 10 | 10.9
Ice Magic      | 5 6 7 8 9 |  9.9
Fighting       | 1 2 3 4 |  4.0
Summonings     | 1 |  1.7
Conjurations   | 2 3 5 6 |  6.0
Fire Magic     | 3 |  3.0
Long Blades    | 2 3 |  3.5
Earth Magic    | 2 3 |  3.9

Action                     |  1- 3 |  4- 6 |  7- 9 | 10-12 || total
---------------------------+-------+-------+-------+-------++-------
  Melee: Dire flail        |       |    10 |    59 |       ||    69
         Short sword       |       |       |    26 |       ||    26
         Long sword        |       |       |     9 |    39 ||    48
   Fire: Sling             |    36 |    34 |       |       ||    70
   Cast: Freeze            |    41 |    40 |    24 |    17 ||   122
         Ozocubu's Armour  |       |     3 |     6 |     2 ||    11
         Summon Ice Beast  |       |     4 |    42 |    35 ||    81
         Hailstorm         |       |       |     7 |    34 ||    41
         Flame Wave        |       |       |       |    11 ||    11
 Invoke: Draw Destruction  |       |       |     2 |     1 ||     3
         Draw Escape       |       |       |       |     1 ||     1
  Evoke: Wand              |       |       |       |     2 ||     2
    Use: Scroll            |     4 |     8 |     3 |     5 ||    20
         Potion            |       |       |     2 |       ||     2
   Stab: Distracted        |       |       |     1 |     1 ||     2
         Sleeping          |       |       |       |     1 ||     1
 Armour: Robe              |     5 |       |       |       ||     5
         Leather armour    |    19 |    47 |   122 |    25 ||   213
         Steam dragon scal |       |       |       |    31 ||    31
  Dodge: Dodged            |    27 |    42 |   109 |   119 ||   297

Table legend: (Time is in decaauts)
 A = Elapsed time spent in this place.
 B = Non-inter-level travel time spent in this place.
 C = Inter-level travel time spent in this place.
 D = Time resting spent in this place.
 E = Time spent auto-exploring this place.
 F = Levels seen in this place.
 G = Mean time per level.
                   A        B        C        D        E       F      G
               +--------+--------+--------+--------+--------+-----+--------+
         Total |   9954 |   9499 |    455 |   1863 |   1808 |  11 |  904.9 |
       Dungeon |   9794 |   9470 |    324 |   1863 |   1808 |  10 |  979.4 |
        Temple |    159 |     28 |    131 |      0 |      0 |   1 |  159.0 |
               +--------+--------+--------+--------+--------+-----+--------+

Top non-repeatable levels by time:
     D:8: 1482 daAuts
     D:9: 1418 daAuts
     D:1: 1163 daAuts
     D:5: 1028 daAuts
     D:6: 928 daAuts
    D:10: 888 daAuts
     D:3: 884 daAuts
     D:7: 790 daAuts
     D:2: 728 daAuts
     D:4: 483 daAuts
  Temple: 159 daAuts
